 Dungeon Crawl Stone Soup version 0.26.0-10-g1f06aea511 (webtiles) character file.

Game seed: 6693084930683446989

44 xSliceyx the Skirmisher (level 3, 29/29 HPs)
             Began as a Demonspawn Fighter on Jan 13, 2021.
             Quit the game on level 1 of the Dungeon.
             The game lasted 00:01:51 (1022 turns).

xSliceyx the Skirmisher (Demonspawn Fighter)        Turns: 1022, Time: 00:01:52

Health: 29/29      AC:  6    Str: 17    XL:     3   Next: 39%
Magic:  3/3        EV:  7    Int: 11    God:
Gold:   62         SH:  9    Dex: 12    Spells: 2/2 levels left

rFire    . . .     SeeInvis .   a - +0 long sword
rCold    . . .     Faith    .   c - +0 kite shield
rNeg     . . .     Spirit   .   b - +0 scale mail
rPois    .         Reflect  .   (no helmet)
rElec    .         Harm     .   (no cloak)
rCorr    .         Rampage  .   (no gloves)
Will     .....                  (no boots)
Stlth    ..........             (no amulet)
HPRegen  0.09/turn              (no ring)
MPRegen  0.08/turn              (no ring)

@: no status effects
A: big brain 1
a: no special abilities


You were on level 1 of the Dungeon.
You visited 1 branch of the dungeon, and saw 2 of its levels.

You collected 62 gold pieces.

Inventory:

Hand Weapons
 a - a +0 long sword (weapon)
Armour
 b - a +0 scale mail (worn)
 c - a +0 kite shield (worn)
Jewellery
 f - an uncursed ring of resist corrosion {unknown}
Scrolls
 e - 2 scrolls of identify {unknown}
 g - a scroll of noise {unknown}
 h - a scroll of fear {unknown}
Potions
 d - 2 potions of might
 i - a potion of curing {unknown}
 j - 2 potions of haste {unknown}


   Skills:
 + Level 3.5 Fighting
 - Level 1.7 Long Blades
 + Level 3.2 Armour
 + Level 3.2 Shields


You had 2 spell levels left.
You didn't know any spells.
Your spell library was empty.

Dungeon Overview and Level Annotations

Branches:
Dungeon (2/15)

Altars:


Innate Abilities, Weirdness & Mutations

You have an unusually large brain. (Int +2)


Message History

The giant cockroach bites you but does no damage.
You closely miss the giant cockroach.
The giant cockroach is severely wounded.
You block the giant cockroach's attack.
You hit the giant cockroach but do no damage.
The giant cockroach is severely wounded.
The giant cockroach bites you but does no damage.
The giant cockroach barely misses you.
You slash the giant cockroach!
You kill the giant cockroach!
No target in view!
You see here a giant cockroach corpse.
You see here a bat corpse.
You see here a ball python corpse.
You see here a dagger.
There is a stone staircase leading down here.
You open the door.
There is an open door here.
j - 2 glowing green potions Are you sure you want to abandon this character and quit the game? (Confirm with "yes".)

.#### #..### #'#
.# #..# ##.# ##
#..## #..# #.).#
#.## #...# #.#
##..####.#
#.......#
##########..#####
#...@..# #..#
#......####.##
+......'....>#
.........#######
#+####...# #...##
#....# #...?##
....#


There were no monsters in sight!

Vanquished Creatures
  A dart slug (D:1)
  2 leopard geckos
  8 bats
  3 giant cockroaches
  6 goblins
  5 hobgoblins (D:1)
  3 kobolds (D:1)
  A quokka (D:2)
  A ball python (D:1)
  A frilled lizard (D:1)
  3 rats (D:1)
34 creatures vanquished.

Vanquished Creatures (others)
  A plant (D:1)
1 creature vanquished.

Grand Total: 35 creatures vanquished

Notes
Turn   | Place    | Note
-------+----------+-------------------------------------------
     0 | D:1      | xSliceyx the Demonspawn Fighter began the quest for the
                  | Orb.
     0 | D:1      | Reached XP level 1. HP: 18/18 MP: 1/1
   235 | D:1      | You fall into a shaft and drop 1 floor!
   244 | D:2      | Gained mutation: You have an unusually large brain. (Int
                  | +2) [demonic ancestry]
   244 | D:2      | Reached XP level 2. HP: 24/24 MP: 2/2
   438 | D:1      | Reached XP level 3. HP: 29/29 MP: 3/3
  1022 | D:1      | Quit the game

Illustrated notes

Levels and vault maps discovered:
D:1:      dpeg_arrival_rhombi, layout_basic, serial_forest,
          infiniplex_forest_end_double, infiniplex_forest_clump_small,
          infiniplex_forest_end_3, infiniplex_forest_clump_C,
          grunt_decor_arrowhead, hangedman_decor_diamond_cutter,
          minmay_pentomino_v4
D:2:      layout_basic, led_sif_pool, uniq_sigmund

Skill      XL: |  1  2 |
---------------+-------+-----
Armour         | 3 |  3.2
Shields        | 3 |  3.2
Fighting       | |  3.5
Long Blades    | |  1.7

Action                   || total
-------------------------++-------
Melee: Long sword        ||   119
Armor: Scale mail        ||    66
Dodge: Dodged            ||    56
Block: Kite shield       ||    83
       Rpst.: Long sword ||    16
